 Dungeon Crawl Stone Soup version 0.30.0-10-gfe55d96785 (webtiles) character file.

Game seed: 168587204780417200

1901 Pooter the Cleaver (level 8, -11/73 HPs)
             Began as a Minotaur Fighter on May 13, 2023.
             Was a Follower of Okawaru.
             Mangled by Pikel
             ... wielding a +1 whip of electrocution
              (12 damage)
             ... on level 6 of the Dungeon on May 15, 2023.
             The game lasted 00:37:30 (5997 turns).

Pooter the Cleaver (Minotaur Fighter)               Turns: 5997, Time: 00:37:31

Health: -11/73     AC: 14    Str: 29    XL:     8   Next: 94%
Magic:  5/7        EV: 10    Int:  5    God:    Okawaru [*.....]
Gold:   169        SH:  5    Dex: 10    Spells: 7/7 levels left

rFire   . . .        a - +0 battleaxe
rCold   . . .        (shield currently unavailable)
rNeg    . . .        d - +2 chain mail {rPois}
rPois   +            (helmet restricted)
rElec   .            (no cloak)
rCorr   .            x - +0 pair of gloves
SInv    .            (no boots)
Will    +....        B - amulet of reflection
Stlth   +            l - +6 ring of strength
HPRegen 0.32/turn    v - ring of willpower
MPRegen 0.10/turn

%: reflection
@: heroic
A: horns 2, retaliatory headbutt
a: Renounce Religion, Heroism


You were on level 6 of the Dungeon.
You worshipped Okawaru.
Okawaru was aware of your devotion.
You visited 2 branches of the dungeon, and saw 7 of its levels.

You collected 394 gold pieces.
You spent 225 gold pieces at shops.

Inventory:

Hand Weapons
 a - a +0 battleaxe (weapon)
   (You took it off an orc warrior on level 5 of the Dungeon)
 b - a +0 sling
   (You took it off a hobgoblin on level 3 of the Dungeon)
 s - a +1 trident of protection
   (You took it off a goblin on level 3 of the Dungeon)
 F - a +3 war axe
Missiles
 H - 2 curare-tipped darts
 Q - 55 stones (quivered)
Armour
 c - a +0 buckler
 d - a +2 chain mail of poison resistance (worn)
   (You took it off an orc on level 5 of the Dungeon)
 q - a +0 plate armour
   (You took it off an orc warrior on level 5 of the Dungeon)
 x - a +0 pair of gloves (worn)
   (You found it on level 5 of the Dungeon)
Jewellery
 l - a +6 ring of strength (left hand)
   (You found it on level 2 of the Dungeon)
 m - the ring of Midwinter {EV+5 Int+3 Dex+3}
   (You took it off a hobgoblin on level 2 of the Dungeon)

   [ring of evasion]

   EV:        It affects your evasion (+5).
   Int:       It affects your intelligence (+3).
   Dex:       It affects your dexterity (+3).
 v - a ring of willpower (right hand)
   (You found it on level 4 of the Dungeon)
 B - an amulet of reflection (around neck)
   (You found it on level 5 of the Dungeon)
 G - an amulet of guardian spirit
   (You found it on level 4 of the Dungeon)
Wands
 f - a wand of flame (14)
   (You took it off Ijyb on level 5 of the Dungeon)
Scrolls
 e - 2 scrolls of magic mapping
 g - 2 scrolls of poison {!r}
 h - a scroll of amnesia
 j - 2 scrolls of noise {!r}
 n - 2 scrolls of immolation {!r}
 p - a scroll of fog
 t - 3 scrolls of teleportation {@r4}
 A - 3 scrolls of fear
 I - a scroll of butterflies {unknown}
Potions
 i - a potion of heal wounds {@q2}
 k - a potion of resistance
 o - a potion of attraction {!q}
 r - 3 potions of lignification {!q}
 u - a potion of ambrosia {unknown}
 w - a potion of flight {unknown}
 y - a potion of curing {@q1}
 z - 2 potions of invisibility
 C - a potion of degeneration {unknown}
 D - 2 potions of brilliance


   Skills:
 + Level 7.2(12.2) Fighting
 * Level 9.1(14.1) Axes
 * Level 7.1(12.1) Ranged Weapons
 - Level 3.6(8.6) Armour
 - Level 2.4(7.4) Stealth
 - Level 3.6(8.6) Shields
 + Level 0.5 Invocations


You had 7 spell levels left.
You didn't know any spells.
Your spell library contained the following spells:

 Spells                   Type           Power      Damage    Failure   Level
 Shock                    Conj/Air       0%         1d3       88%         1
 Portal Projectile        Hex/Tloc       0%         N/A       99%         3
 Swiftness                Air            0%         N/A       99%         3
 Airstrike                Air            0%         2d(0-16)  100%        4
 Leda's Liquefaction      Hex/Erth       0%         N/A       100%        4
 Call Canine Familiar     Summ           Unusable   N/A       N/A         3

Dungeon Overview and Level Annotations

Branches:
Dungeon (6/15)             Temple (1/1) D:4

Altars:
Ashenzari
Dithmenos
Elyvilon
Fedhas
Gozag
Makhleb
Nemelex Xobeh
Okawaru
Qazlal
Ru
Sif Muna
Trog
Uskayaw
Vehumet
Wu Jian
Xom
Yredelemnul
Zin

Shops:
D:1 ?   D:5 *

Annotations:
D:6 Pikel


Innate Abilities, Weirdness & Mutations

You have a pair of horns on your head.
You reflexively headbutt those who attack you in melee.


Message History

Pikel zaps a wand.
You resist with some effort. The lemure barely misses you.
You slice Pikel!! You closely miss the lemure. You hit the lemure.
You closely miss the lemure. You slice the yak!!
You hit the lemure but do no damage. The lemure completely misses you.
The yak gores you! The lemure hits you but does no damage.
Pikel hits you with a +1 whip of electrocution.
* * * LOW HITPOINT WARNING * * *
You are electrocuted!!
* * * LOW HITPOINT WARNING * * *
The lemure misses you. You furiously retaliate!
You headbutt the lemure. The lemure closely misses you.
You furiously retaliate!
You headbutt the lemure! You barely miss Pikel. Your headbutt misses Pikel.
You slash the lemure! You closely miss the lemure. You closely miss the yak.
You hit the lemure. You slash the lemure! The lemure hits you.
* * * LOW HITPOINT WARNING * * *
The yak gores you!
* * * LOW HITPOINT WARNING * * *
You block the lemure's attack.
Pikel zaps a wand.
You resist with some effort. The lemure hits you but does no damage.
The lemure barely misses you. You furiously retaliate!
You headbutt the lemure.
Unknown command.
You closely miss Pikel. You slash the lemure!
You kill the lemure!
That felt strangely unrewarding.
You slash the lemure! You slice the yak!!
You kill the yak!
Okawaru accepts your kill.
You slice the lemure!!
You kill the lemure!
That felt strangely unrewarding.
You miss the lemure. Pikel closely misses you. You furiously retaliate!
You headbutt Pikel!
The lemure hits you but does no damage. x2
Your base Axes skill increases to level 9!
Your base Ranged Weapons skill increases to level 7!
You hit Pikel but do no damage. You slash the orc!
You kill the orc!
Okawaru accepts your kill.
You barely miss the lemure. You slash the lemure!
You kill the lemure!
That felt strangely unrewarding.
Pikel closely misses you. The lemure misses you.
Unknown command.
You hit Pikel. You headbutt Pikel, but do no damage. You barely miss the yak.
You completely miss the lemure.
Pikel hits you with a +1 whip of electrocution.
* * * LOW HITPOINT WARNING * * *
You are electrocuted!
You die...

#......................#......#
#............................#
.................[...........
..........#.....##...$......#
.........##............##..##
.........##............. ....
....###.##............... ...
....#.####...!...)....... #.
......####......@K....#..#
................Y5..###
#........##.#...Y.....#
.....................##
..........#....#......#
.........##..###......#
.....######.. #......# ....##
.. ##...... ....#


You could see Pikel, 2 yaks and a lemure.

Vanquished Creatures
  Grinder (D:6)
  A yak (D:6)
  Duvessa (D:5)
  An orc warrior (D:5)
  An ogre (D:5)
  3 lemures (D:6)
  A phantom (D:4)
  A bullfrog (D:6)
  3 scorpions
  3 wights
  Dowan (D:5)
  A jelly (D:4)
  3 hounds
  A gnoll bouda (D:5)
  2 orc priests
  Ijyb (D:5)
  An iguana (D:5)
  5 orc wizards
  10 gnolls
  8 adders
  A white imp (D:5)
  3 ufetubi (D:5)
  3 dart slugs
  20 orcs
  5 ball pythons
  13 endoplasms
  9 giant cockroaches
  38 goblins
  26 hobgoblins
  5 jackals (D:2)
  3 quokkas
  9 bats
  A frilled lizard (D:3)
  13 kobolds
  4 rats
202 creatures vanquished.

Notes
Turn   | Place    | Note
-------+----------+-------------------------------------------
     0 | D:1      | Pooter the Minotaur Fighter began the quest for the Orb.
     0 | D:1      | Reached XP level 1. HP: 19/19 MP: 0/0
    38 | D:1      | Found Muniggu's Magic Scroll Boutique.
   178 | D:1      | Reached XP level 2. HP: 27/27 MP: 1/1
   244 | D:1      | Reached skill level 3 in Axes
   244 | D:1      | Reached skill level 1 in Stealth
   304 | D:1      | Found a faded altar of an unknown god.
   603 | D:1      | Reached XP level 3. HP: 33/33 MP: 2/2
  1278 | D:1      | Bought a scroll of identify for 26 gold pieces
  1518 | D:1      | Bought a scroll of identify for 26 gold pieces
  1703 | D:2      | Reached XP level 4. HP: 32/40 MP: 3/3
  1843 | D:2      | Identified the ring of Midwinter {EV+5 Int+3 Dex+3}
  2094 | D:3      | Reached skill level 4 in Axes
  2599 | D:3      | Reached XP level 5. HP: 47/47 MP: 4/4
  2630 | D:3      | Reached skill level 1 in Ranged Weapons
  3240 | D:4      | Reached skill level 5 in Axes
  3256 | D:4      | Reached XP level 6. HP: 49/55 MP: 5/5
  3390 | D:4      | Reached skill level 5 in Fighting
  3424 | D:4      | Found a staircase to the Ecumenical Temple.
  3447 | Temple   | Entered the Ecumenical Temple
  3591 | D:4      | Found a sparkling altar of Nemelex Xobeh.
  3716 | D:4      | Found an iron altar of Okawaru.
  3740 | D:4      | Became a worshipper of Warmaster Okawaru
  4086 | D:5      | Entered Level 5 of the Dungeon
  4106 | D:5      | Reached skill level 6 in Axes
  4206 | D:5      | Reached XP level 7. HP: 60/61 MP: 6/6
  4347 | D:5      | Noticed Dowan
  4347 | D:5      | Noticed Duvessa
  4364 | D:5      | Killed Duvessa
  4389 | D:5      | Reached * piety under Okawaru
  4399 | D:5      | Killed Dowan
  4400 | D:5      | Reached skill level 7 in Axes
  4459 | D:5      | Reached skill level 5 in Ranged Weapons
  4819 | D:1      | Bought a scroll of enchant weapon for 97 gold pieces
  4819 | D:1      | Bought a scroll of fear for 52 gold pieces
  4895 | D:5      | Found Tanam's General Store.
  4914 | D:5      | Bought a scroll of identify for 24 gold pieces
  5042 | D:5      | Noticed Ijyb
  5051 | D:5      | Killed Ijyb
  5053 | D:5      | Reached XP level 8. HP: 70/70 MP: 4/7
  5427 | D:5      | Reached skill level 8 in Axes
  5788 | D:6      | Noticed Grinder
  5798 | D:6      | Paralysed by Grinder for 4 turns
  5808 | D:6      | Killed Grinder
  5990 | D:6      | Noticed Pikel
  5996 | D:6      | Reached skill level 9 in Axes
  5997 | D:6      | HP: 1/73 [Pikel/+1 whip of electrocution (6)]
  5997 | D:6      | Mangled by Pikel

Illustrated notes

Levels and vault maps discovered:
D:1:      evilmike_arrival_plus, layout_basic, basic_ecumenical_altar,
          serial_shops, nicolae_shop_temple_entry_statues_fountains,
          minmay_statues_item, minivault_11, feat_on_display
D:2:      minmay_razor_zed, layout_basic
D:3:      minmay_goblin_kobold_castle, layout_loops_cross, nicolae_titane
D:4:      layout_loops_cross, nemelex_dance_club_becter,
          okawaru_metal_pillars_3, minmay_temple_entry_steel_oval, minivault_1
D:5:      layout_cave_pools, serial_shops, nicolae_stop_n_shop_2,
          chequers_serial_rivers_micro_c, hangedman_decor_push, uniq_duvessa,
          uniq_ijyb
D:6:      layout_cave_pools, nrook_mini_vaults, uniq_grinder, uniq_pikel
Temple:   kb_temple_of_zot

Skill      XL: |  1  2  3  4  5  6  7  8 |
---------------+-------------------------+-----
Axes           | 3 4 5 6 7 9 |  9.1
Stealth        | 1 2 |  2.4
Fighting       | 4 5 6 7 |  7.2
Ranged Weapons | 2 3 5 7 |  7.1
Armour         | |  3.6
Shields        | |  3.6
Invocations    | |  0.5

Action                     |  1- 3 |  4- 6 |  7- 9 || total
---------------------------+-------+-------+-------++-------
  Melee: War axe           |    91 |   148 |    58 ||   297
         Headbutt          |    14 |    21 |    11 ||    46
         Battleaxe         |       |       |    34 ||    34
   Fire: Sling             |       |    64 |    55 ||   119
  Throw: Stone             |       |     3 |     4 ||     7
         Dart              |       |       |     6 ||     6
 Invoke: Heroism           |       |       |     6 ||     6
    Use: Scroll            |     7 |     5 |     9 ||    21
         Potion            |       |       |     2 ||     2
 Armour: Scale mail        |    38 |       |       ||    38
         Chain mail        |     8 |    58 |    42 ||   108
  Dodge: Dodged            |    38 |   116 |    65 ||   219
  Block: Buckler           |    19 |    39 |    37 ||    95
         Other             |       |       |     8 ||     8
